 Dungeon Crawl Stone Soup version 0.24-a0-507-g3e8b242632 (webtiles) character file.

Game seed: 7082983482654722189

1845 KristoblXynda the Slasher (level 8, -7/70 HPs)
             Began as a Red Draconian Berserker on July 18, 2019.
             Was an Elder of Trog.
             Mangled by Phong's ghost (16 damage)
             ... on level 6 of the Dungeon.
             The game lasted 00:09:27 (7166 turns).

KristoblXynda the Slasher (Red Draconian Berserker) Turns: 7166, Time: 00:09:28

Health: -7/70      AC:  8    Str: 20    XL:     8   Next: 88%
Magic:  11/11      EV: 14    Int:  9    God:    Trog [****..]
Gold:   251        SH:  0    Dex: 11    Spells: 7/7 levels left

rFire    + + .     SeeInvis .   a - +0 falchion
rCold    + . .     Gourm    .   (no shield)
rNeg     . . .     Faith    .   (armour unavailable)
rPois    +         Spirit   .   (helmet restricted)
rElec    +         Reflect  .   i - scarf {cloud immunity}
rCorr    +         Harm     .   (no gloves)
MR       .....                  r - +1 pair of boots
Stlth    +.........             (no amulet)
HPRegen  0.21/turn              h - ring of flight
MPRegen  0.12/turn              (no ring)

@: short of breath, resistant
A: breathe fire, unfitting armour, fire resistance 1, cold-blooded, AC +6
a: Breathe Fire, Berserk, Trog's Hand, Brothers in Arms, Renounce Religion,
Evoke Flight


You were on level 6 of the Dungeon.
You worshipped Trog.
Trog was greatly pleased with you.
You were not hungry.

You visited 2 branches of the dungeon, and saw 7 of its levels.

You collected 251 gold pieces.

Inventory:

Hand Weapons
 a - a +0 falchion (weapon)
Missiles
 A - 2 throwing nets (quivered)
Armour
 i - a scarf of cloud immunity (worn)
 r - a +1 pair of boots (worn)
Jewellery
 h - a ring of flight (left hand)
 t - an uncursed ring of fire
Wands
 n - a wand of flame (22)
 o - a wand of iceblast (10)
 w - a wand of digging (5)
Scrolls
 d - a scroll of fog
 e - 3 scrolls of remove curse
 f - 5 scrolls of magic mapping
 j - 2 scrolls of teleportation
 s - a scroll of enchant weapon {unknown}
 v - a scroll of amnesia {unknown}
 x - a scroll of enchant armour
 y - a scroll of fear {unknown}
Potions
 c - 2 potions of brilliance {unknown}
 g - 2 potions of agility
 k - a potion of lignification {unknown}
 l - a potion of flight {unknown}
 p - a potion of resistance
 u - a potion of degeneration {unknown}
 z - a potion of heal wounds {unknown}
Comestibles
 b - 12 rations
 m - a chunk of flesh


   Skills:
 + Level 5.9 Fighting
 + Level 6.5 Long Blades
 + Level 4.6 Throwing
 + Level 5.5 Dodging
 + Level 4.4 Evocations


You had 7 spell levels left.
You didn't know any spells.
Your spell library was empty.

Dungeon Overview and Level Annotations

Branches:
Dungeon (6/15)             Temple (1/1) D:6

Altars:
Ashenzari
Cheibriados
Dithmenos
Elyvilon
Fedhas
Gozag
Hepliaklqana
Kikubaaqudgha
Okawaru
Qazlal
Uskayaw
Xom
Yredelemnul
The Shining One

Shops:
D:4 (

Annotations:
D:6 Phong's ghost, novice OpNe


Innate Abilities, Weirdness & Mutations

You can breathe blasts of fire.
Your fiery red scales are hard. (AC +6)
You cannot fit into any form of body armour.
Your flesh is heat resistant. (rF+)
You are cold-blooded and may be slowed by cold attacks.


Message History

Phong's ghost hits you!
Unknown command.
You hit Phong's ghost.
Phong's ghost is almost destroyed.
Phong's ghost is engulfed in blazing flames.
Phong's ghost hits you!
* * * LOW HITPOINT WARNING * * *
You hit Phong's ghost but do no damage.
Your tail-slap misses Phong's ghost.
Phong's ghost is almost destroyed.
You feel sick.
You are no longer poisoned.
Phong's ghost casts a spell at you. Pain shoots through your body!
* * * LOW HITPOINT WARNING * * *
An orc comes into view. It is wielding a +0 short sword.
Okay, then.
It was a potion of resistance.
You feel protected. Phong's ghost hits you!
You die...

... o. .. ....... ##.# .......
.#..... .# ####..# .......
........#......... .......
.........###..##.# .......
..........##....@###.......
#.......#.##.##..W.........
#.......#....#..###........
#.............># ##........
....(......(#..###.F.......
.###..(##.........W####### ..
#. ##...............'≈≈≈≈$≈ ...
..##...........####†########..#
.......#.#.....####..#.#.......


You could see Phong's ghost and an orc.

Vanquished Creatures
  Sigmund (D:4)
  2 ice beasts
  An ogre (D:4)
  A necrophage (D:6)
  2 phantoms
  A centaur (D:4)
  3 bullfrogs (D:6)
  2 scorpions
  An orc priest (D:4)
  4 hounds
  A bullfrog zombie (D:5)
  6 orc wizards
  A centaur skeleton (D:4)
  A bullfrog skeleton (D:5)
  An iguana (D:5)
  6 worker ants
  A hound skeleton (D:4)
  9 adders
  A howler monkey skeleton (D:4)
  A shadow imp (D:6)
  An ooze (D:5)
  7 dart slugs
  5 leopard geckos
  9 orcs
  7 bats
  4 giant cockroaches
  8 goblins
  10 hobgoblins
  14 jackals
  A quokka (D:3)
  A ball python (D:3)
  9 frilled lizards
  6 kobolds
  11 rats
139 creatures vanquished.

Notes
Turn   | Place    | Note
-------+----------+-------------------------------------------
     0 | D:1      | KristoblXynda the Draconian Berserker began the quest for
                  | the Orb.
     0 | D:1      | Reached XP level 1. HP: 19/19 MP: 1/1
    56 | D:1      | Reached XP level 2. HP: 11/26 MP: 2/2
   646 | D:1      | Reached skill level 1 in Throwing
   707 | D:1      | Reached XP level 3. HP: 31/31 MP: 3/3
   979 | D:1      | Reached ** piety under Trog
  1309 | D:2      | Reached skill level 4 in Long Blades
  1349 | D:2      | Reached XP level 4. HP: 27/38 MP: 4/4
  2811 | D:3      | Reached XP level 5. HP: 45/45 MP: 5/5
  3040 | D:3      | Reached *** piety under Trog
  3081 | D:3      | Reached skill level 1 in Evocations
  3435 | D:4      | Reached XP level 6. HP: 51/51 MP: 5/7
  3716 | D:4      | Found Nuikhlo's Weapon Boutique.
  3746 | D:4      | Reached skill level 5 in Long Blades
  4015 | D:4      | Your scales start taking on a fiery red colour.
  4015 | D:4      | Reached XP level 7. HP: 24/59 MP: 8/8
  4015 | D:4      | Gained mutation: Your flesh is heat resistant. (rF+) [Red
                  | Draconian growth]
  4644 | D:4      | Noticed Sigmund
  4710 | D:4      | Killed Sigmund
  4710 | D:4      | Reached XP level 8. HP: 42/67 MP: 10/10
  5019 | D:4      | Found a white marble altar of Elyvilon.
  5114 | D:4      | Found a hazy altar of Hepliaklqana.
  5285 | D:5      | Entered Level 5 of the Dungeon
  5349 | D:5      | Reached skill level 5 in Fighting
  5713 | D:5      | Received a gift from Trog
  6140 | D:5      | Reached skill level 6 in Long Blades
  6140 | D:5      | Reached skill level 5 in Dodging
  6424 | D:5      | Found a stormy altar of Qazlal.
  6433 | D:5      | Noticed an air elemental
  6730 | D:6      | Found a staircase to the Ecumenical Temple.
  6757 | Temple   | Entered the Ecumenical Temple
  7043 | D:6      | Reached **** piety under Trog
  7060 | D:6      | Found a runed translucent door.
  7066 | D:6      | Noticed Phong's ghost (novice OpNe)
  7166 | D:6      | Mangled by Phong's ghost

Levels and vault maps discovered:
D:1:      psy_arrival_statuary, layout_basic, minmay_misc_feat_more_columns,
          chequers_garden, minmay_misc_feat_pillars,
          chequers_serial_rivers_micro_e, minmay_octomino_c4
D:2:      layout_basic
D:3:      layout_loops_ring
D:4:      minmay_recursive_quarters, layout_loops_corners, kennysheep_mini_moat,
          nicolae_overflow_hidden_temple, serial_shops,
          nicolae_shop_behind_doors, uniq_sigmund
D:5:      layout_gridville, first_ration, nicolae_qazlal_style_of_elements
D:6:      layout_rooms, grunt_temple_overflow_order_and_chaos_2,
          minmay_temple_entry_grid, serial_shops, shop, ebering_ghost_sewer_d,
          interstate_on_off, nicolae_tso_swordbearing_angel
Temple:   minmay_temple_bridge_abc

Skill      XL: |  1  2  3  4  5  6  7  8 |
---------------+-------------------------+-----
Dodging        | 3 4 5 |  5.5
Throwing       | 1 2 3 4 |  4.6
Long Blades    | 4 5 6 |  6.5
Evocations     | 1 2 3 4 |  4.4
Fighting       | 4 5 |  5.9

Action                   |  1- 3 |  4- 6 |  7- 9 || total
-------------------------+-------+-------+-------++-------
Melee: Falchion          |    97 |   202 |   233 ||   532
       Tailslap          |    11 |    43 |    41 ||    95
Invok: Berserk           |       |     4 |       ||     4
 Abil: Breathe Fire      |       |       |     7 ||     7
  Use: Scroll            |       |     6 |     4 ||    10
       Potion            |       |       |     1 ||     1
 Stab: Sleeping          |     1 |     2 |     1 ||     4
  Eat: Chunk             |     1 |    13 |     8 ||    22
       Ration            |       |       |     1 ||     1
Armor: Skin              |    32 |    63 |    73 ||   168
Dodge: Dodged            |    49 |   119 |   166 ||   334
       Rpst.: Falchion   |    14 |    34 |    49 ||    97

Table legend:
 A = Non-vault XP
 B = Vault XP
 C = Vault XP percentage of total XP
 D = Non-vault monster count
 E = Vault monster count
 F = Vault count percentage of total count
                 A         B        C        D         E       F
            +---------+---------+-------+---------+---------+-------
      Total |    1938 |     698 |  26.5 |     122 |      17 |  12.2
            +---------+---------+-------+---------+---------+-------
        D:1 |      45 |      12 |  21.1 |      25 |       6 |  19.4
        D:2 |      78 |       0 |   0.0 |      15 |       0 |   0.0
        D:3 |     166 |       0 |   0.0 |      38 |       0 |   0.0
        D:4 |     602 |     577 |  48.9 |      20 |       9 |  31.0
        D:5 |     494 |       0 |   0.0 |      13 |       0 |   0.0
        D:6 |     553 |     109 |  16.5 |      11 |       2 |  15.4
            +---------+---------+-------+---------+---------+-------
